 Dungeon Crawl Stone Soup version 0.30-a0-1016-gfb0d676c02 (webtiles) character file.

Game seed: 13819709846741788247

191 xian the Chopper (level 5, -6/49 HPs)
             Began as a Naga Fighter on Apr 7, 2023.
             Was a Follower of Makhleb.
             Mangled by a gnoll
             ... wielding a +0 halberd
              (10 damage)
             ... on level 3 of the Dungeon.
             The game lasted 00:05:20 (1969 turns).

xian the Chopper (Naga Fighter)                     Turns: 1969, Time: 00:05:21

Health: -6/49      AC:  6    Str: 21    XL:     5   Next: 70%
Magic:  5/5        EV:  7    Int:  8    God:    Makhleb [*.....]
Gold:   162        SH:  4    Dex: 10    Spells: 4/4 levels left

rFire   + . .      SeeInvis +    a - +0 war axe
rCold   . . .      Faith    .    c - +0 buckler
rNeg    . . .      Spirit   .    b - +0 scale mail
rPois   +          Reflect  .    e - +0 helmet
rElec   .          Rampage  .    (no cloak)
rCorr   .                        (no gloves)
Will    .....                    (no barding) Stlth
                                 (no amulet)
HPRegen 0.28/turn                t - ring of protection from fire
MPRegen 0.09/turn                (no ring)

@: very slow
A: AC +1, large, see invisible, deformed body, poison resistance, slowness 2,
spit poison 1, naga tail 1
a: Spit Poison, Renounce Religion


You were on level 3 of the Dungeon.
You worshipped Makhleb.
Makhleb was aware of your devotion.
You visited 1 branch of the dungeon, and saw 3 of its levels.

You collected 162 gold pieces.

Inventory:

Hand Weapons
 a - a +0 war axe (weapon)
Missiles
 h - 37 stones
 i - 10 poisoned darts
Armour
 b - a +0 scale mail (worn)
 c - a +0 buckler (worn)
 e - a +0 helmet (worn)
 m - a +1 hat
Magical Staves
 g - a staff of fire
Jewellery
 t - a ring of protection from fire (left hand)
Wands
 x - a wand of polymorph (6)
Scrolls
 f - a scroll of blinking
 j - a scroll of brand weapon {unknown}
 k - 3 scrolls of teleportation
 n - a scroll of fear
 w - a scroll of butterflies {unknown}
Potions
 d - a potion of might
 l - 2 potions of degeneration {unknown}
 o - 2 potions of flight {unknown}
 p - 3 potions of lignification {unknown}
 q - a potion of haste {unknown}
 r - a potion of ambrosia
 s - 2 potions of curing {unknown}
 u - a potion of brilliance
 v - a potion of resistance


   Skills:
 + Level 3.5 Fighting
 + Level 3.6 Axes
 + Level 3.5 Armour
 + Level 1.0 Dodging
 + Level 0.4 Stealth
 + Level 3.0 Shields


You had 4 spell levels left.
You didn't know any spells.
Your spell library contained the following spells:

 Spells                   Type           Power      Damage    Failure   Level
 Slow                     Hex            0%         N/A       82%         1
 Cigotuvi's Dreadful Rot  Necr/Pois/Air  0%         N/A       91%         2
 Confusing Touch          Hex            0%         N/A       99%         3
 Ignite Poison            Fire/Tmut/Pois 0%         N/A       99%         3
 Vampiric Draining        Necr           0%         2d6       99%         3
 Freezing Cloud           Conj/Ice/Air   0%         6-21      100%        5


Dungeon Overview and Level Annotations

Branches:
Dungeon (3/15)

Altars:
Makhleb
Zin


Innate Abilities, Weirdness & Mutations

Your serpentine skin is tough. (AC +1)
You have supernaturally acute eyesight. (SInv)
Armour fits poorly on your strangely shaped body.
Your system is resistant to poisons. (rPois)
You cover ground very slowly.
You can spit poison.
You have a snake-like lower body.


Message History

2 gnolls come into view.
A gnoll is wielding a +0 heavy flail.
The gnoll shouts!
The gnoll hits you from afar with a +0 halberd!
You block the gnoll's attack. The gnoll barely misses you.
You see here a +0 leather armour.
The splash of poison hits the gnoll.
The gnoll is poisoned.
The gnoll is lightly wounded.
The gnoll barely misses you.
You slash the gnoll!
The gnoll is severely wounded.
The gnoll hits you from afar with a +0 halberd.
The gnoll misses you.
You slash the gnoll!
You kill the gnoll!
Makhleb accepts your kill.
You barely miss the gnoll.
You have got your breath back.
The gnoll hits you from afar with a +0 halberd.
The gnoll hits you with a +0 heavy flail.
The splash of poison hits the gnoll!
The gnoll is poisoned.
The gnoll is heavily wounded.
The gnoll barely misses you. x2
The gnoll hits you with a +0 halberd. x2; The gnoll barely misses you.
You see here a +0 flail.
You closely miss the gnoll. You hit the gnoll but do no damage.
You kill the gnoll!
Makhleb accepts your kill. You block the gnoll's attack.
You slash the gnoll!
The gnoll is heavily wounded.
You have got your breath back.
The gnoll hits you with a +0 halberd.
You closely miss the gnoll.
The gnoll is heavily wounded.
You block the gnoll's attack. The gnoll hits you with a +0 halberd!
* * * LOW HITPOINT WARNING * * *
You hit the gnoll.
The gnoll is severely wounded.
The gnoll hits you with a +0 halberd!
You die...

....#............................
#...####...............######..##
#.#.####..........#...........##
#........###.....##############
#.......## #.##..# #.......#
#.##..# ........## #.#..##
#........###....########
..........).#..[@......#
.#......###.....)g.....#
#.......# #.#..........#
...#.#### #.##.#.......#
.).......## #.........#
.......... ..........# #........#
.###.......# ...#.###...#.
######### .....# .##


You could see a gnoll.

Vanquished Creatures
  An iguana (D:3)
  Natasha (D:2)
  5 adders
  2 gnolls (D:3)
  2 worms (D:2)
  2 dart slugs
  An orc (D:3)
  8 ball pythons
  3 endoplasms
  A giant cockroach (D:2)
  4 hobgoblins
  6 jackals
  9 kobolds
  A quokka (D:3)
  7 bats
  2 frilled lizards
  5 goblins
  5 rats
65 creatures vanquished.

Notes
Turn   | Place    | Note
-------+----------+-------------------------------------------
     0 | D:1      | xian the Naga Fighter began the quest for the Orb.
     0 | D:1      | Reached XP level 1. HP: 21/21 MP: 1/1
    87 | D:1      | Reached XP level 2. HP: 22/28 MP: 2/2
   646 | D:1      | Reached XP level 3. HP: 34/34 MP: 3/3
  1027 | D:2      | Reached XP level 4. HP: 37/42 MP: 4/4
  1095 | D:2      | Reached skill level 1 in Dodging
  1275 | D:2      | Noticed Natasha
  1280 | D:2      | Killed Natasha
  1410 | D:2      | Found a glowing silver altar of Zin.
  1642 | D:3      | Reached XP level 5. HP: 49/49 MP: 5/5
  1677 | D:3      | Found a faded altar of an unknown god.
  1708 | D:3      | Prayed at the altar of an unknown god.
  1708 | D:3      | Became a worshipper of Makhleb the Destroyer
  1708 | D:3      | Reached * piety under Makhleb
  1969 | D:3      | Mangled by a gnoll

Illustrated notes

Levels and vault maps discovered:
D:1:      minmay_arrival_up_and_down, layout_loops_ring, minmay_three_crescents
D:2:      minmay_spotlight, layout_rooms, basic_altar, uniq_natasha
D:3:      layout_rooms, minitemple, ebering_ecumenical_altar_webs,
          minmay_diced_spiral

Skill      XL: |  1  2  3  4 |
---------------+-------------+-----
Armour         | 3 |  3.5
Dodging        | 1 |  1.0
Axes           | 3 |  3.6
Shields        | 3 |  3.0
Fighting       | |  3.5
Stealth        | |  0.4

Action                     |  1- 3 |  4- 6 || total
---------------------------+-------+-------++-------
  Melee: War axe           |    81 |    53 ||   134
Ability: Spit Poison       |    24 |    30 ||    54
    Use: Scroll            |       |     6 ||     6
 Armour: Scale mail        |    55 |    33 ||    88
  Dodge: Dodged            |    43 |    26 ||    69
  Block: Buckler           |    19 |    12 ||    31

Table legend: (Time is in decaauts)
 A = Elapsed time spent in this place.
 B = Non-inter-level travel time spent in this place.
 C = Inter-level travel time spent in this place.
 D = Time resting spent in this place.
 E = Time spent auto-exploring this place.
 F = Levels seen in this place.
 G = Mean time per level.
                   A        B        C        D        E       F      G
               +--------+--------+--------+--------+--------+-----+--------+
         Total |   2590 |   2511 |     79 |      0 |   1843 |   3 |  863.3 |
       Dungeon |   2590 |   2511 |     79 |      0 |   1843 |   3 |  863.3 |
               +--------+--------+--------+--------+--------+-----+--------+

Top non-repeatable levels by time:
     D:1: 1218 daAuts
     D:2: 934 daAuts
     D:3: 437 daAuts
